Map: Prion Terraces

Players

LilDicky

  • Race: Terran Terran
  • League: Diamond

FlyIce - Winner!

  • Race: Terran Terran

VOD

http://www.twitch.tv/tumescentpie

Description

Time

  • Played on: Nov. 24, 2015, 3:16 p.m.
  • Length: 3:16
Show
View Real Time Build Order
Export as new Build Order

LilDicky Terran 

Build Orders:  

Get SALT Encoding   

  12  0:01  SCV  
  13  0:15  SCV  
  13  0:17  Supply Depot  
  14  0:28  SCV  
  15  0:30  Refinery  
  15  0:40  SCV  
  16  0:46  Barracks  
  16  0:52  SCV  
  18  1:04  SCV  
  18  1:17  SCV  
  19  1:22  Barracks  
  19  1:29  SCV  
  20  1:33  Reaper  
  21  1:41  Orbital Command  
  21  1:49  Supply Depot  
  21  1:55  Barracks  
  21  2:05  Reaper  
  21  2:07  Refinery  
  22  2:11  Reaper  
  24  2:15  SCV  
  24  2:27  SCV  
  25  2:32  Barracks  
  25  2:38  Reaper  
Show
View Real Time Build Order
Export as new Build Order

FlyIce Terran - Winner!

Build Orders:  

Get SALT Encoding   

  12  0:01  SCV  
  13  0:15  SCV  
  14  0:27  SCV  
  15  0:32  Supply Depot  
  15  0:53  SCV  
  15  0:55  Barracks  
  16  1:01  Refinery  
  16  1:05  SCV  
  17  1:14  Barracks  
  17  1:21  SCV  
  18  1:32  Barracks  
  18  1:35  SCV  
  19  1:47  Reaper  
  19  1:53  Supply Depot  
  20  1:58  SCV  
  21  2:05  Barracks  
  21  2:09  Marine  
  22  2:19  Marine x2  
  24  2:27  Marine  
  25  2:37  Marine x2  
  27  2:44  Marine  
  28  2:54  Marine x2  
  28  2:55  Marine  
Tags
 
Add a new tag
Caveats
  • Supply blocks, unpowered buildings, or Contaminate may cause inaccurate times.
  • Supply counts are checked every 10 seconds.